 Dungeon Crawl Stone Soup version 0.25.1-2-g60ff931df9 (webtiles) character file.

Game seed: 1848998240393800947

175973 CrazyMind the Devastator (level 17, -17/132 HPs)
             Began as a Pale Draconian Conjurer on Sept 5, 2020.
             Was a High Priest of Vehumet.
             Killed from afar by Nikola (23 damage)
             ... with a chain lightning
             ... on level 4 of the Snake Pit on Sept 25, 2020.
             The game lasted 05:52:25 (53711 turns).

CrazyMind the Devastator (Pale Draconian Conjurer) Turns: 53711, Time: 05:52:25

Health: -17/132    AC: 17    Str: 11    XL:     17   Next: 49%
Magic:  17/45      EV: 18    Int: 24    God:    Vehumet [*****.]
Gold:   1401       SH: 12    Dex: 13    Spells: 6/46 levels left

rFire    . . .     SeeInvis .   a - staff of energy
rCold    + . .     Gourm    .   x - +1 buckler
rNeg     . . .     Faith    .   (armour unavailable)
rPois    +         Spirit   .   l - +2 hat {Int+3}
rElec    .         Reflect  +   M - +2 cloak {rPois}
rCorr    +         Harm     .   Z - +1 pair of gloves "Assukk" {rC+ rCorr}
MR       +++..                  D - +0 pair of boots "Guodaqam" {MR+}
Stlth    ++........             m - amulet of reflection
HPRegen  0.32/turn              F - ring of protection from magic
MPRegen  0.29/turn              k - ring of magical power

@: no status effects
A: breathe steam, unfitting armour, cold-blooded, AC +9
a: Breathe Steam, Renounce Religion


You were on level 4 of the Snake Pit.
You worshipped Vehumet.
Vehumet was extremely pleased with you.
You were not hungry.

You visited 4 branches of the dungeon, and saw 26 of its levels.
You also visited: Ice Cave and Volcano.

You collected 2056 gold pieces.
You spent 655 gold pieces at shops.

Inventory:

Hand Weapons
 b - a +2 demon whip of electrocution
 H - a +5 whip of flaming
Missiles
 g - 13 javelins
 s - 63 poisoned darts
 y - 23 boomerangs (quivered)
 E - 2 silver javelins
 J - 2 boomerangs of dispersal
 R - a throwing net
Armour
 d - a +0 kite shield
 l - a +2 hat of intelligence (worn)
 x - a +1 buckler (worn)
 D - the +0 pair of boots "Guodaqam" (worn) {MR+}
   (You bought it in a shop on level 1 of the Snake Pit)

   It affects your resistance to hostile enchantments.
 M - a +2 cloak of poison resistance (worn)
 Z - the +1 pair of gloves "Assukk" (worn) {rC+ rCorr}
   (You found it in an ice cave)

   It protects you from cold.
   It provides partial protection from all sources of acid and corrosion.
Magical Staves
 a - an uncursed staff of energy (weapon)
Jewellery
 k - a ring of magical power (right hand)
 m - an amulet of reflection (around neck)
 p - the ring of Meneom {rC+ rCorr Str+5}
   (You acquired it on level 11 of the Dungeon)

   [ring of resist corrosion]

   It affects your strength (+5).
   It protects you from cold.
   It provides partial protection from all sources of acid and corrosion.
 F - a ring of protection from magic (left hand)
 O - an uncursed ring of positive energy
Wands
 j - a wand of enslavement (12)
 C - a wand of acid (13)
 I - a wand of clouds (10)
 N - a wand of flame (63)
 W - a wand of iceblast (35)
Scrolls
 i - 6 scrolls of fog
 n - 9 scrolls of teleportation
 r - 3 scrolls of blinking
 u - 11 scrolls of remove curse
 G - a scroll of silence
 S - 2 scrolls of summoning
 T - a scroll of identify
 V - a scroll of amnesia
Potions
 c - 2 potions of haste
 e - 4 potions of flight
 f - 3 potions of berserk rage
 h - 5 potions of curing
 o - 8 potions of stabbing
 q - 4 potions of heal wounds
 v - 2 potions of ambrosia
 w - 2 potions of resistance
 z - a potion of invisibility
 A - 5 potions of might
 B - 3 potions of mutation
 K - 5 potions of lignification
 L - 3 potions of cancellation
 P - 2 potions of brilliance
 Q - 3 potions of magic
Miscellaneous
 U - a phial of floods
 X - 2 phantom mirrors
Comestibles
 t - 30 rations


   Skills:
 * Level 7.1 Fighting
 - Level 1.0 Maces & Flails
 - Level 1.0 Throwing
 * Level 10.3 Dodging
 - Level 2.0 Stealth
 * Level 9.2 Shields
 + Level 15.4 Spellcasting
 + Level 15.6 Conjurations
 - Level 1.0 Hexes
 - Level 2.0 Translocations
 - Level 1.0 Transmutations
 + Level 8.6 Fire Magic
 + Level 13.3 Earth Magic
 + Level 5.0 Evocations


You had 6 spell levels left.
You knew the following spells:

 Your Spells              Type           Power        Failure   Level  Hunger
a - Magic Dart            Conj           ####         0%          1    None
b - Searing Ray           Conj           ######       0%          2    None
c - Stone Arrow           Conj/Erth      ######       0%          3    None
d - Fulminant Prism       Conj/Hex       ######....   1%          4    None
e - Passwall              Tmut/Erth      ######..     1%          2    None
f - Mephitic Cloud        Conj/Pois/Air  #####...     1%          3    None
g - Lee's Rapid Deconstr  Erth           ######....   1%          5    None
h - Bolt of Magma         Conj/Fire/Erth ######....   1%          5    None
i - Iron Shot             Conj/Erth      ######....   1%          6    None
j - Orb of Destruction    Conj           #######...   1%          7    None
k - Blink                 Tloc           N/A          1%          2    None

Your spell library contained the following spells:

 Spells                   Type           Power        Failure   Level  Hunger
 Chain Lightning          Conj/Air       ######....   86%         8    None
 Sandblast                Erth           ######       0%          1    None
 Corona                   Hex            ###....      1%          1    None
 Freeze                   Ice            ###.         1%          1    None
 Conjure Flame            Conj/Fire      ######..     1%          3    None
 Dazzling Flash           Conj/Hex       ######       1%          3    None
 Ignite Poison            Fire/Tmut/Pois ####....     1%          3    None
 Inner Flame              Hex/Fire       #####...     1%          3    None
 Hailstorm                Conj/Ice       ######..     1%          4    None
 Iskenderun's Mystic Bla  Conj/Tloc      ######..     1%          4    None
 Leda's Liquefaction      Hex/Erth       ######....   1%          4    None
 Petrify                  Tmut/Erth      ######..     1%          4    None
 Sticky Flame             Conj/Fire      ######..     1%          4    None
 Iskenderun's Battlesphe  Conj/Chrm      ######..     1%          5    None
 Sting                    Tmut/Pois      ###.         2%          1    None
 Frozen Ramparts          Ice            ###...       2%          3    None
 Slow                     Hex            ###.....     3%          2    None
 Call Imp                 Summ           ###.....     4%          2    None
 Portal Projectile        Hex/Tloc       ####..       4%          3    None
 Recall                   Summ/Tloc      N/A          6%          3    None
 Spider Form              Tmut/Pois      ###.......   8%          3    None
 Ozocubu's Armour         Chrm/Ice       ###.....     9%          3    None
 Cause Fear               Hex            ###.......   21%         4    None
 Summon Ice Beast         Ice/Summ       ###.....     30%         4    None
 Summon Forest            Summ/Tloc      ###.......   50%         5    None
 Summon Mana Viper        Hex/Summ       ###.....     56%         5    None
 Aura of Abjuration       Summ           ###.......   63%         5    None
 Summon Demon             Summ           ###.......   63%         5    None
 Shadow Creatures         Summ           N/A          99%         6    None
 Spellforged Servitor     Conj/Summ      ######....   26%         7    None


Dungeon Overview and Level Annotations

Branches:
Dungeon (15/15)            Temple (1/1) D:6            Lair (6/6) D:11
 Shoals (0/4) Lair:3        Snake (4/4) Lair:2        Slime (0/5) Lair:6
    Orc (0/2) D:10         Vaults (0/5) D:13         Depths (0/5) D:15
  IceCv (visited)         Volcano (visited)

Altars:
Ashenzari
Cheibriados
Dithmenos
Elyvilon
Fedhas
Gozag
Hepliaklqana
Kikubaaqudgha
Makhleb
Nemelex Xobeh
Okawaru
Qazlal
Ru
Sif Muna
Trog
Uskayaw
Vehumet
Wu Jian
Xom
Yredelemnul
Zin
The Shining One

Shops:
D:9 *   D:12 (!(   D:13 !   Snake:1 [?

Annotations:
D:12 2 runed translucent doors
D:13 3 runed translucent doors, Fogruuva's ghost, journeyman DrCj; Rafaota's ghost, journeyman OpEE; brk's ghost, journeyman GrGl
D:15 3 runed translucent doors, lllmatko's ghost, journeyman MiBe
Snake:1 1 runed translucent door, exclusion: downstairs, strelocc's ghost, journeyman TrIE
Snake:4 4 exclusions, Nikola


Innate Abilities, Weirdness & Mutations

You can breathe blasts of scalding, opaque steam.
Your pale cyan-grey scales are hard. (AC +9)
You cannot fit into any form of body armour.
You are cold-blooded and may be slowed by cold attacks.


Message History

A rock wall.
The wall shatters!
The blast of rock fragments hits Nikola!
Nikola is severely wounded.
Nikola gestures wildly while chanting.
Nikola blinks!
Casting: Lee's Rapid Deconstruction (safe; 1% risk of failure)
Confirm with . or Enter, or press ? or * to list all spells.
Aiming: Iron Shot (mildly dangerous; 1% risk of failure)
Press: ? - help, Shift-Dir - straight line, f - Nikola
Aim: Nikola, wielding a +4 rapier of electrocution, wearing a +2 cloak and wearing a +1 pair of gloves (severely wounded)
The iron shot hits Nikola!!
Nikola is almost dead.
Nikola mumbles some strange words.
You hear a mighty clap of thunder!
The lightning arc hits you!!
The lightning arc hits Nikola.
The lightning arc hits you!!!
* * * LOW HITPOINT WARNING * * *
The lightning arc hits Nikola.
The lightning arc hits you!!
You die...

.. ........# ..# .
.......## #.# .. ......[
#.#####... .......
##....... .......
#...)..### ## .......
#...# #..###.#####
#...#...........<#
##...#..........@.#
#....#.........@[.#....##
#....#............#.....#
#....#............#.....
#....#..##..##..####...#
#....#..#.....((.#.#..(#
##...#............##..#
#...#......../...#...##
#...#..#........##....#


You could see Nikola.

Vanquished Creatures
  Vashnia (Snake:3)
  Jorgrun (D:12)
  Asterion (Snake:2)
  Gastronok (Lair:3)
  Kirke (Lair:5)
  5 nagarajas
  A frost giant (D:14)
  A red draconian (Volcano)
  A great orb of eyes (D:14)
  2 ogre magi
  6 hydras
  A catoblepas (Lair:6)
  5 centaur warriors
  12 naga warriors
  11 anacondas
  A deep troll shaman (Lair:6)
  2 tengu warriors (D:13)
  11 two-headed ogres
  5 death yaks
  16 naga sharpshooters
  10 shock serpents
  Nergalle (D:11)
  Urug (D:13)
  3 salamander mystics
  4 naga ritualists
  3 unseen horrors
  6 sea snakes (Snake:4)
  A necromancer (IceCv)
  3 wizards (D:15)
  8 ugly things
  A deep elf mage (D:15)
  An orc knight (D:13)
  A wolf spider zombie (D:15)
  10 mana vipers
  2 cyclopes
  13 elephants (Lair:6)
  7 salamanders
  4 oklob plants (Lair:3)
  2 manticores
  A merfolk siren (Lair:3)
  Maurice (D:13)
  2 centaur zombies
  2 ice statues
  40 black mambas
  A molten gargoyle (Volcano)
  6 guardian serpents
  16 spiny frogs
  9 naga magi
  2 gargoyles
  3 rime drakes
  A torpor snail (Lair:3)
  An efreet (D:15)
  9 komodo dragons
  3 tengu conjurers (D:14)
  10 freezing wraiths (IceCv)
  3 kobold demonologists
  A merfolk (D:9)
  A troll (shapeshifter) (D:13)
  A queen bee (D:13)
  6 meliai
  2 trolls
  A hornet (shapeshifter) (D:13)
  4 polar bears
  Prince Ribbit (D:7)
  A hornet (D:13)
  12 slime creatures
  11 hippogriffs
  16 blink frogs
  2 shadows (D:13)
  Sigmund (D:5)
  51 yaks
  2 humans (Lair:5)
  Eustachio (D:5)
  A steam dragon (Lair:4)
  A basilisk (shapeshifter) (D:12)
  5 fire bats
  5 wyverns
  A wraith (D:12)
  2 hogs
  2 hungry ghosts (D:10)
  6 basilisks
  A death yak simulacrum (IceCv)
  7 vampire mosquitoes
  2 acid dragons
  39 nagas
  Duvessa (D:6)
  3 water moccasins
  11 porcupines
  11 orc warriors
  2 sky beasts
  A hornet zombie (D:14)
  A necrophage (D:14)
  2 eyes of draining
  12 ice beasts
  2 phantoms (D:7)
  14 ogres
  10 wolves
  9 centaurs
  19 crocodiles
  A big kobold (D:9)
  19 bullfrogs
  Dowan (D:6)
  2 scorpions
  25 killer bees
  3 wights (D:10)
  A howler monkey (D:5)
  A swamp dragon simulacrum (IceCv)
  4 electric eels
  4 lava snakes (Volcano)
  9 crimson imps
  2 bullfrog zombies
  2 quasits (D:10)
  7 draconian simulacra (IceCv)
  3 hounds
  5 centaur skeletons
  10 orc priests
  5 jellies
  12 orc wizards
  Crazy Yiuf (D:6)
  6 hell rats
  3 iguanas
  9 worker ants
  2 polar bear simulacra (IceCv)
  5 troll simulacra (IceCv)
  A killer bee zombie (D:10)
  5 centaur simulacra (IceCv)
  A hound zombie (D:6)
  10 gnolls
  2 naga simulacra (IceCv)
  15 adders
  An ogre simulacrum (IceCv)
  4 shadow imps
  12 white imps (IceCv)
  An ooze (D:2)
  3 adder skeletons
  An adder zombie (D:9)
  4 worms (D:2)
  4 dart slugs
  2 leopard geckos
  80 orcs
  7 bats
  5 giant cockroaches
  10 goblins
  12 hobgoblins
  19 jackals
  2 quokkas
  A ball python (D:3)
  3 frilled lizards
  7 kobolds
  2 leopard gecko skeletons
  2 quokka skeletons
  13 rats
  2 fulminant prisms
  A fungus (Lair:1)
  A plant (Lair:5)
935 creatures vanquished.

Vanquished Creatures (collateral kills)
  A hippogriff (D:11)
  An orc warrior (D:11)
  2 killer bees (D:11)
  A worker ant (D:11)
  An orc (D:11)
6 creatures vanquished.

Vanquished Creatures (others)
  A black mamba (Snake:4)
  4 bushes (Lair:6)
  145 fulminant prisms
  25 fungi
  28 plants
203 creatures vanquished.

Grand Total: 1144 creatures vanquished

Notes
Turn   | Place    | Note
-------+----------+-------------------------------------------
     0 | D:1      | CrazyMind the Draconian Conjurer began the quest for the
                  | Orb.
     0 | D:1      | Reached XP level 1. HP: 14/14 MP: 3/3
   334 | D:1      | Reached XP level 2. HP: 11/20 MP: 0/5
   338 | D:1      | Learned a level 2 spell: Searing Ray
  1071 | D:1      | Reached XP level 3. HP: 24/26 MP: 3/6
  1115 | D:1      | Learned a level 3 spell: Dazzling Flash
  1466 | D:2      | Reached skill level 5 in Conjurations
  1766 | D:2      | Found an ancient bone altar of Kikubaaqudgha.
  1823 | D:2      | Reached XP level 4. HP: 33/33 MP: 4/7
  3006 | D:3      | Reached XP level 5. HP: 39/39 MP: 0/9
  3012 | D:3      | Learned a level 4 spell: Fulminant Prism
  3949 | D:4      | Found a blossoming altar of Fedhas.
  4139 | D:4      | Noticed an ogre
  4164 | D:4      | Killed an ogre
  4164 | D:4      | Reached skill level 1 in Fighting
  4164 | D:4      | Reached skill level 1 in Shields
  4164 | D:4      | Reached XP level 6. HP: 47/47 MP: 3/11
  4666 | D:5      | Entered Level 5 of the Dungeon
  4666 | D:5      | Found an iron altar of Okawaru.
  4880 | D:5      | Noticed Sigmund
  5015 | D:5      | Your scales start taking on a pale cyan-grey colour.
  5015 | D:5      | Reached XP level 7. HP: 52/52 MP: 10/13
  5178 | D:5      | Found a sparkling altar of Nemelex Xobeh.
  5476 | D:5      | You fall into a shaft and drop 1 floor!
  5476 | D:6      | Found an opulent altar of Gozag.
  5509 | D:6      | Noticed Prince Ribbit
  5737 | D:5      | Reached skill level 1 in Throwing
  5910 | D:5      | Noticed Eustachio
  5942 | D:5      | Killed Sigmund
  6003 | D:5      | Reached skill level 5 in Spellcasting
  6657 | D:6      | You fall into a shaft and drop 1 floor!
  6666 | D:7      | Reached XP level 8. HP: 61/61 MP: 8/15
  7914 | D:5      | Killed Eustachio
  8189 | D:6      | Noticed Duvessa
  8189 | D:6      | Noticed Dowan
  8260 | D:6      | Learned a level 3 spell: Stone Arrow
  8263 | D:6      | Learned a level 2 spell: Passwall
  8289 | D:6      | Killed Duvessa
  8289 | D:6      | Reached XP level 9. HP: 62/68 MP: 9/18
  8349 | D:7      | Killed Prince Ribbit
  8636 | D:6      | Found a runed translucent door.
  8637 | D:6      | Noticed Crazy Yiuf
  8700 | D:6      | Found a staircase to the Ecumenical Temple.
  8719 | Temple   | Entered the Ecumenical Temple
  8932 | Temple   | Became a worshipper of Vehumet
  9014 | D:6      | Killed Dowan
  9550 | D:7      | Reached skill level 5 in Dodging
  9802 | D:8      | Reached skill level 1 in Earth Magic
 10266 | D:8      | Reached * piety under Vehumet
 10266 | D:8      | Offered knowledge of Shock by Vehumet.
 10557 | D:8      | Found a glowing golden altar of the Shining One.
 10857 | D:9      | Found a white marble altar of Elyvilon.
 10877 | D:9      | Reached XP level 10. HP: 78/78 MP: 9/21
 12095 | D:6      | Killed Crazy Yiuf
 12095 | D:6      | Offered knowledge of Foxfire by Vehumet.
 12234 | D:8      | Reached ** piety under Vehumet
 12252 | D:9      | Reached skill level 5 in Earth Magic
 12401 | D:9      | You fall into a shaft and drop 2 floors!
 12472 | D:11     | Identified a scroll of acquirement
 12472 | D:11     | Acquired the ring of Meneom {rC+ rCorr Str+5}
 12521 | D:11     | Found a staircase to the Lair.
 12534 | D:10     | Entered Level 10 of the Dungeon
 12948 | D:10     | Offered knowledge of Mephitic Cloud by Vehumet.
 12953 | D:10     | Learned a level 3 spell: Mephitic Cloud
 13112 | D:9      | Found Fograr's General Store.
 13291 | D:9      | Killed an unseen horror
 13291 | D:9      | Reached XP level 11. HP: 40/85 MP: 2/23
 13883 | D:10     | Reached skill level 10 in Conjurations
 14169 | D:10     | Killed an unseen horror
 14169 | D:10     | Reached *** piety under Vehumet
 14515 | D:10     | Offered knowledge of Airstrike by Vehumet.
 14726 | D:10     | Learned a level 5 spell: Lee's Rapid Deconstruction
 14762 | D:10     | Found a staircase to the Orcish Mines.
 15026 | D:11     | Reached **** piety under Vehumet
 15042 | D:11     | Offered knowledge of Irradiate by Vehumet.
 15093 | D:11     | Noticed Nergalle
 15181 | Lair:1   | Entered Level 1 of the Lair of Beasts
 16268 | Lair:1   | Reached skill level 10 in Spellcasting
 17048 | Lair:2   | Reached skill level 1 in Transmutations
 17048 | Lair:2   | Reached XP level 12. HP: 92/92 MP: 20/26
 17401 | Lair:2   | Noticed a four-headed hydra
 17567 | Lair:2   | Found a staircase to the Snake Pit.
 17933 | Lair:2   | Reached ***** piety under Vehumet
 17933 | Lair:2   | Offered knowledge of Bolt of Magma by Vehumet.
 17940 | Lair:2   | Learned a level 5 spell: Bolt of Magma
 17946 | Lair:2   | Reached skill level 5 in Fighting
 18231 | Lair:2   | Killed a four-headed hydra
 18231 | Lair:2   | Reached skill level 1 in Fire Magic
 18595 | Lair:3   | Noticed Gastronok
 18882 | Lair:3   | Killed Gastronok
 18979 | Lair:3   | Found a dark tunnel.
 18994 | Volcano  | Entered a volcano
 19137 | Volcano  | Learned a level 6 spell: Iron Shot
 19787 | Volcano  | Found a radiant altar of Vehumet.
 19787 | Volcano  | Noticed a two-headed ogre
 19787 | Volcano  | Noticed an ogre mage
 19787 | Volcano  | Noticed a two-headed ogre
 19787 | Volcano  | Noticed a two-headed ogre
 19795 | Volcano  | Killed a two-headed ogre
 19796 | Volcano  | Killed a two-headed ogre
 19797 | Volcano  | Killed an ogre mage
 19799 | Volcano  | Killed a two-headed ogre
 19816 | Volcano  | Noticed a two-headed ogre
 19818 | Volcano  | Killed a two-headed ogre
 19818 | Volcano  | Reached skill level 1 in Evocations
 19905 | Volcano  | Noticed a red draconian
 19909 | Volcano  | Killed a red draconian
 20001 | Volcano  | Reached XP level 13. HP: 100/100 MP: 17/28
 20479 | Lair:3   | Got a slimy long sword
 20480 | Lair:3   | Identified the +7 long sword of Crystal {elec, +Inv rF+
                  | rN++ Int-5} (You found it on level 3 of the Lair of Beasts)
 21342 | Lair:3   | Identified Sif Muna's Papyrus of the Ego
 21502 | Lair:3   | Found a staircase to the Shoals.
 21973 | Lair:4   | You fall into a shaft and drop 2 floors!
 21973 | Lair:6   | Entered Level 6 of the Lair of Beasts
 22027 | Lair:5   | Reached skill level 5 in Shields
 22027 | Lair:5   | Reached skill level 5 in Fire Magic
 22028 | Lair:5   | Found a frozen archway.
 22147 | IceCv    | Entered an ice cave
 23014 | IceCv    | Found an ancient bone altar of Kikubaaqudgha.
 23444 | IceCv    | Offered knowledge of Conjure Ball Lightning by Vehumet.
 23615 | IceCv    | Got a pair of distressingly furry gloves
 23616 | IceCv    | Identified the +1 pair of gloves "Assukk" {rC+ rCorr} (You
                  | found it in an ice cave)
 25315 | Lair:5   | Noticed Kirke
 26085 | Lair:5   | Noticed a sphinx
 26104 | Lair:5   | Killed Kirke
 26660 | D:11     | Killed Nergalle
 26974 | D:12     | Found a runed translucent door.
 27058 | D:12     | Found a runed translucent door.
 27114 | D:12     | Found a runed translucent door.
 27154 | D:12     | Noticed Jorgrun
 27581 | Lair:6   | Reached skill level 10 in Earth Magic
 27833 | Lair:6   | Reached XP level 14. HP: 91/107 MP: 18/30
 27839 | Lair:6   | Found a staircase to the Slime Pits.
 28970 | Lair:6   | Offered knowledge of Yara's Violent Unravelling by Vehumet.
 31629 | Lair:6   | Learned a level 7 spell: Orb of Destruction
 31994 | D:12     | Killed Jorgrun
 32668 | D:12     | Found Tarac's Antique Weapon Shop.
 32745 | D:12     | Found Piqamubo's Distillery.
 32853 | D:12     | Found Ruhiunui's Weapon Emporium.
 32856 | D:12     | Found a runed translucent door.
 33342 | D:13     | Found Cayreel's Distillery.
 33378 | D:13     | Noticed Maurice
 33381 | D:13     | Killed Maurice
 33405 | D:13     | Noticed Urug
 33438 | D:12     | Offered knowledge of Ozocubu's Refrigeration by Vehumet.
 33535 | D:13     | Reached skill level 1 in Hexes
 33715 | D:13     | Reached XP level 15. HP: 81/114 MP: 16/32
 33716 | D:13     | Found a gate to the Vaults.
 33731 | D:13     | Learned a level 2 spell: Blink
 34480 | D:13     | Found a runed translucent gate.
 34480 | D:13     | Found a runed translucent gate.
 34480 | D:13     | Found a runed translucent gate.
 34480 | D:13     | Noticed Rafaota's ghost (journeyman OpEE)
 34480 | D:13     | Noticed Fogruuva's ghost (journeyman DrCj)
 34481 | D:13     | Noticed brk's ghost (journeyman GrGl)
 34509 | D:13     | Killed Urug
 34623 | D:13     | Reached skill level 1 in Translocations
 34958 | D:13     | Reached skill level 1 in Maces & Flails
 35680 | D:14     | Noticed a frost giant
 35684 | D:14     | Killed a frost giant
 36624 | D:14     | Offered knowledge of Starburst by Vehumet.
 37554 | D:15     | Entered Level 15 of the Dungeon
 38976 | D:15     | Found a runed translucent gate.
 38986 | D:15     | Found a runed translucent gate.
 38987 | D:15     | Found a runed translucent gate.
 39066 | D:15     | Noticed lllmatko's ghost (journeyman MiBe)
 40502 | D:15     | Found a staircase to the Depths.
 40874 | Snake:1  | Entered Level 1 of the Snake Pit
 41263 | Snake:1  | Found Bomuapt's Magic Scroll Boutique.
 41691 | Snake:1  | Found Zeup's Armour Shop.
 41702 | Snake:1  | Bought the +0 pair of boots "Guodaqam" {MR+} for 239 gold
                  | pieces
 41722 | Snake:1  | Found a runed translucent door.
 41726 | Snake:1  | Found a shimmering altar of Xom.
 41726 | Snake:1  | Noticed strelocc's ghost (journeyman TrIE)
 42428 | Snake:1  | Reached XP level 16. HP: 122/122 MP: 34/34
 43946 | Lair:2   | Offered knowledge of Lightning Bolt by Vehumet.
 44422 | Snake:2  | Noticed Asterion
 45067 | Snake:2  | Reached skill level 15 in Conjurations
 46110 | Snake:2  | Killed Asterion
 47070 | Snake:3  | Noticed Vashnia
 47751 | Snake:3  | Found a bloodstained altar of Trog.
 48146 | Snake:3  | Got a brightly glowing broad axe
 48148 | Snake:3  | Identified the cursed +0 broad axe "Ciwydgh" {antimagic,
                  | rC- Int+2 Dex+3} (You found it on level 3 of the Snake Pit)
 48311 | Snake:3  | Killed Vashnia
 48704 | Snake:3  | Reached skill level 15 in Spellcasting
 49775 | Snake:4  | Entered Level 4 of the Snake Pit
 50249 | Snake:4  | Reached XP level 17. HP: 118/129 MP: 36/36
 50250 | Snake:4  | Reached skill level 10 in Dodging
 50338 | Snake:1  | Bought 2 scrolls of blinking for 255 gold pieces
 50338 | Snake:1  | Bought a scroll of fog for 34 gold pieces
 50338 | Snake:1  | Bought a scroll of blinking for 127 gold pieces
 50625 | Snake:4  | Noticed Nikola
 51111 | Snake:4  | Offered knowledge of Chain Lightning by Vehumet.
 52315 | Snake:4  | Reached skill level 5 in Evocations
 52965 | Snake:4  | Found the +4 skin of Zhor {Englaciate rC+++ SInv}
 53711 | Snake:4  | HP: 6/132 [Nikola/chain lightning (36)]
 53711 | Snake:4  | Killed from afar by Nikola

Illustrated notes

Levels and vault maps discovered:
D:1:      saegor_arrival_miasma, layout_basic
D:2:      layout_basic, marbit_many_paths, minivault_4,
          kennysheep_generic_room_16
D:3:      layout_loops_cross
D:4:      layout_rooms, nicolae_overflow_crystal_walls, first_ration
D:5:      layout_basic, lemuel_coloured_pillars_altar,
          okawaru_ov_weapons_minmay, uniq_sigmund, uniq_eustachio
D:6:      layout_cave_pools, nicolae_overflow_hidden_temple,
          minmay_temple_entry_junction_2, uniq_duvessa, uniq_crazy_yiuf_cottage,
          uniq_prince_ribbit1
D:7:      layout_basic
D:8:      layout_rooms, kennysheep_mini_moat
D:9:      layout_long_grid, elyvilon_altar_5, serial_shops, nicolae_shop_trees,
          hangedman_fish_farm, serial_bayou_crossing
D:10:     layout_basic, hiddenorc1_lemuel
D:11:     layout_cross, lair_entry_dummy, minivault_1, uniq_nergalle
D:12:     layout_small_grid, serial_shops, nicolae_shop_trees,
          nicolae_shop_overgrown_old_shop, shop, minmay_statue_crystal_thing,
          uniq_jorgrun
D:13:     layout_basic, david_vaults_2, special_room [special_room_bee],
          serial_shops, nicolae_shop_trees, gammafunk_ghost_cemetery, uniq_urug,
          uniq_maurice
D:14:     layout_layer_cave, special_room [special_room_orc],
          kennysheep_cross_landing
D:15:     grunt_enter_depths_magical_seal, layout_small_grid,
          chequers_serial_rivers_micro_b, gammafunk_ghost_hydra_chop,
          grunt_ministairs_3, st_stairs_9
Temple:   regret_index_temple_generic_petals
Lair:1:   layout_long_grid, chequers_serial_rivers_small_3,
          beast_lair_carwin_11, grunt_megastairs_2
Lair:2:   layout_regular_city, guppyfry_snake_entry_island, beast_lair_carwin_5,
          infiniplex_staircase_pool_2
Lair:3:   statuecave_lemuel, layout_hall_layers,
          minmay_shoals_entry_lonely_mermaid, nicolae_volcano_entry_batcave,
          serial_bayou_shore_a, grunt_megastairs_3, lemuel_fruit_fields,
          minmay_lair_oklob_chamber, uniq_gastronok
Lair:4:   layout_loops_ring
Lair:5:   layout_roguey, portal_ice_cave_rime, serial_forest,
          infiniplex_forest_lined_1, infiniplex_forest_corner_1,
          infiniplex_forest_fountain, infiniplex_forest_clump_double,
          infiniplex_forest_zigzag_1, infiniplex_forest_lined_corner,
          infiniplex_forest_straight_3, hibernation_bobbens, uniq_kirke
Lair:6:   grunt_lair_end_beastmaster, layout_concentric_octagons, slime_dummy,
          columned_hall_lemuel, chequers_serial_rivers_micro_c,
          infiniplex_staircase_pool
Snake:1:  layout_gridlike, ebering_ghost_xom, minmay_shoptagon
Snake:2:  layout_chambers, uniq_asterion
Snake:3:  layout_honeycomb, basic_altar, uniq_vashnia
Snake:4:  grunt_snake_rune_pools, layout_cave_town, st_stairs_5, uniq_nikola

Skill      XL: |  1  2  3  4  5  6  7  8  9 10 11 12 13 14 15 16 17 |
---------------+----------------------------------------------------+-----
Dodging        | 2 3 4 5 6 7 8 9 10 | 10.3
Conjurations   | 5 6 8 9 10 11 12 13 14 15 | 15.6
Spellcasting   | 3 4 5 6 7 8 10 11 12 13 14 15 | 15.4
Stealth        | 2 |  2.0
Fighting       | 1 2 3 4 5 6 7 |  7.1
Shields        | 1 3 4 5 6 7 8 9 |  9.2
Throwing       | 1 |  1.0
Earth Magic    | 2 5 8 9 10 11 12 13 | 13.3
Transmutations | 1 |  1.0
Fire Magic     | 4 6 8 |  8.6
Evocations     | 1 4 5 |  5.0
Hexes          | 1 |  1.0
Translocations | 2 |  2.0
Maces & Flails | 1 |  1.0

Action                   |  1- 3 |  4- 6 |  7- 9 | 10-12 | 13-15 | 16-18 || total
-------------------------+-------+-------+-------+-------+-------+-------++-------
Melee: Hand axe          |     8 |       |       |       |       |       ||     8
       Dagger            |    13 |    14 |     2 |       |       |       ||    29
       Tailslap          |     1 |     3 |     6 |    12 |    37 |     2 ||    61
       Whip              |       |    28 |    39 |    80 |   265 |     6 ||   418
       Staff             |       |       |     8 |     4 |    10 |     2 ||    24
       Demon whip        |       |       |       |       |       |     8 ||     8
Throw: Stone             |     3 |     2 |       |       |       |       ||     5
       Dart              |       |     6 |    28 |    11 |     6 |     2 ||    53
       Boomerang         |       |       |     2 |       |     4 |     6 ||    12
 Cast: Magic Dart        |    51 |    70 |    85 |    87 |    52 |     4 ||   349
       Searing Ray       |     7 |    16 |    40 |    56 |   100 |    46 ||   265
       Fulminant Prism   |       |       |    13 |    58 |    53 |    24 ||   148
       Stone Arrow       |       |       |    35 |   134 |   269 |    58 ||   496
       Mephitic Cloud    |       |       |       |     5 |     2 |       ||     7
       Iron Shot         |       |       |       |     6 |    97 |   199 ||   302
       Bolt of Magma     |       |       |       |     4 |    55 |    17 ||    76
       Lee's Rapid Decon |       |       |       |       |    41 |    17 ||    58
       Orb of Destructio |       |       |       |       |    33 |    20 ||    53
       Blink             |       |       |       |       |     5 |     5 ||    10
 Abil: Breathe Steam     |       |       |     1 |     4 |     3 |       ||     8
Evoke: Wand              |       |       |       |     3 |       |     2 ||     5
       Staff of energy   |       |       |       |       |     5 |       ||     5
       Phantom mirror    |       |       |       |       |       |     1 ||     1
  Use: Scroll            |       |       |    11 |    19 |    12 |     8 ||    50
       Potion            |       |       |     5 |     1 |     2 |     4 ||    12
 Stab: Sleeping          |     3 |     6 |       |       |       |       ||     9
  Eat: Chunk             |     4 |    10 |    18 |    28 |    53 |    11 ||   124
       Ration            |       |       |     1 |     2 |     6 |     7 ||    16
Armor: Skin              |     7 |    13 |    65 |    71 |   174 |    73 ||   403
Dodge: Dodged            |    14 |    25 |   103 |   173 |   369 |   179 ||   863
Block: Buckler           |       |       |    92 |   163 |   344 |   190 ||   789
       Reflection        |       |       |     6 |     6 |    17 |    35 ||    64
